Map: Catalyst LE

Players

soO - Winner!

  • Race: Zerg Zerg
  • Spawn Location: 11:00

Spazymazy

  • Race: Zerg Zerg
  • Spawn Location: 5:00

Event: IEM Season 12 - Katowice

VOD

Have the link to the VOD?

Description

Time

  • Played on: Feb. 27, 2018, 9:01 a.m.
  • Length: 7:21

All games in this series

Show
View Real Time Build Order
Export as new Build Order

soO Zerg - Winner!

Build Orders: Pool First 

Get SALT Encoding   

  12  0:17  Spawning Pool  
  11  0:21  Drone  
  11  0:26  Drone  
  13  0:30  Drone  
  14  0:40  Overlord  
  14  1:04  Zergling x6  
  17  1:15  Zergling x2  
  18  1:19  Hatchery  
  17  1:26  Zergling x2  
  18  1:34  Queen  
  18  1:39  Zergling x2  
  21  1:47  Overlord  
  21  1:59  Drone  
  22  2:09  Drone  
  22  2:10  Queen  
  25  2:21  Drone  
  22  2:31  Drone x2  
  22  2:33  Queen  
  25  2:45  Drone x2  
  25  2:46  Queen  
  25  2:51  Drone  
  30  2:54  Drone  
  31  2:58  Overlord  
  31  3:02  Drone  
  33  3:05  Drone  
  33  3:07  Drone  
  34  3:15  Drone  
  34  3:17  Drone x3  
  37  3:20  Drone  
  37  3:22  Drone  
  37  3:24  Drone  
  37  3:26  Drone  
  41  3:30  Drone  
  41  3:33  Drone  
  43  3:39  Extractor  
  43  3:40  Drone x2  
  44  3:43  Extractor  
  44  3:44  Drone  
  44  3:45  Overlord  
  44  3:50  Extractor  
  44  3:51  Overlord  
  44  3:53  Zergling x2  
  44  3:54  Overlord  
  44  4:04  Overlord  
  44  4:05  Drone x4  
  48  4:14  Zergling x6  
  51  4:18  Zergling x2  
  51  4:25  Overlord  
  51  4:29  Drone x2  
  51  4:30  Drone  
  51  4:31  Drone  
  54  4:35  Lair  
  54  4:41  Drone  
  54  4:42  Drone  
  56  4:46  Evolution Chamber  
  56  4:47  Roach Warren  
  56  4:49  Drone  
  55  5:00  Hatchery  
  55  5:04  Drone  
  55  5:05  Drone  
  56  5:08  Drone  
  56  5:13  Zerg Missile Weapons Level 1  
  56  5:24  Overlord  
  56  5:27  Roach x7  
  70  5:31  Roach  
  73  5:35  Roach  
  73  5:36  Glial Reconstitution  
  73  5:41  Roach x2  
  75  5:44  Overseer  
  75  5:49  Roach x2  
  81  5:50  Roach  
  81  5:55  Roach x2  
  81  5:56  Roach  
  87  6:02  Roach x2  
  91  6:07  Overlord  
  91  6:13  Roach x2  
  91  6:15  Roach  
  91  6:17  Overlord x2  
  97  6:21  Overlord  
  97  6:22  Overlord  
  97  6:23  Drone  
  97  6:24  Overseer  
  98  6:30  Roach x2  
  102  6:36  Roach x3  
  108  6:44  Roach x4  
  116  6:48  Roach  
  116  6:51  Drone x3  
  116  6:53  Drone  
  116  6:54  Drone  
  123  6:56  Drone  
  123  6:58  Overlord  
Show
View Real Time Build Order
Export as new Build Order

Spazymazy Zerg 

Build Orders: Hatch First 

Get SALT Encoding   

  12  0:01  Drone  
  13  0:12  Overlord  
  13  0:17  Drone  
  14  0:30  Drone  
  14  0:31  Drone  
  14  0:35  Drone  
  17  0:52  Hatchery  
  16  0:57  Extractor  
  16  0:58  Drone  
  16  1:12  Spawning Pool  
  16  1:15  Drone  
  16  1:18  Drone  
  16  1:22  Drone  
  18  1:30  Overlord  
  18  1:58  Queen, Metabolic Boost  
  18  1:59  Zergling x4  
  22  2:01  Zergling x2  
  22  2:05  Zergling x2  
  24  2:13  Zergling x2  
  24  2:26  Zergling x2  
  21  2:35  Zergling x2  
  23  2:37  Drone  
  21  2:45  Drone  
  22  2:51  Overlord  
  22  3:03  Queen  
  24  3:17  Drone x3  
  24  3:20  Drone  
  24  3:25  Drone x2  
  25  3:36  Zergling x6  
  28  3:42  Zergling x2  
  28  3:43  Zergling x2  
  30  4:00  Hatchery  
  30  4:01  Drone  
  30  4:03  Drone  
  30  4:05  Drone  
  32  4:12  Overlord  
  32  4:18  Baneling Nest  
  30  4:28  Overlord x2  
  27  4:32  Drone  
  27  4:34  Drone  
  27  4:35  Drone  
  29  4:39  Drone  
  29  4:41  Drone  
  29  4:43  Drone  
  32  4:50  Drone x2  
  34  4:53  Drone  
  34  4:56  Drone x2  
  34  4:59  Drone  
  38  5:03  Drone x2  
  40  5:08  Zergling x4  
  40  5:11  Zergling x2  
  40  5:13  Zergling x2  
  44  5:19  Roach Warren, Zergling x2  
  44  5:22  Extractor  
  44  5:24  Extractor  
  44  5:25  Lair  
  42  5:33  Drone x2  
  42  5:34  Drone x3  
  45  5:41  Evolution Chamber  
  45  5:42  Drone x2  
  46  5:43  Drone  
  46  5:46  Drone  
  46  5:47  Drone  
  49  5:50  Overlord  
  49  5:57  Overlord  
  49  6:00  Overlord  
  46  6:06  Roach x3  
  52  6:14  Spine Crawler  
  52  6:15  Roach  
  52  6:18  Roach  
  55  6:20  Roach  
  55  6:23  Roach  
  61  6:25  Roach  
  61  6:30  Roach x2  
  65  6:33  Roach  
  65  6:36  Roach  
  65  6:38  Roach  
  71  6:41  Roach  
  71  6:43  Zergling x2  
  74  6:48  Zergling x6  
  74  6:52  Zergling x2  
  74  6:53  Zergling x4  
  80  6:56  Zergling x4  
  77  7:01  Zergling x6  

Tags
 
Add a new tag
Caveats
  • Supply blocks, unpowered buildings, or Contaminate may cause inaccurate times.
  • Supply counts are checked every 10 seconds.